 Dungeon Crawl Stone Soup version 0.26.1-11-gd32895ea62 (webtiles) character file.

Game seed: 1099640099967957465

137 nothank2 the Cudgeller (level 5, -3/32 HPs)
             Began as a Gargoyle Fighter on June 25, 2021.
             Killed by divine providence
             ... invoked by an orc priest
              (13 damage)
             ... on level 3 of the Dungeon.
             The game lasted 00:03:31 (1609 turns).

nothank2 the Cudgeller (Gargoyle Fighter)           Turns: 1609, Time: 00:03:33

Health: -3/32      AC: 17    Str: 21    XL:     5   Next: 20%
Magic:  5/5        EV:  7    Int:  8    God:
Gold:   98         SH:  9    Dex:  9    Spells: 4/4 levels left

rFire    + . .     SeeInvis .   a - +0 flail
rCold    . . .     Faith    .   c - +0 kite shield
rNeg     + . .     Spirit   .   b - +0 scale mail
rPois    ∞         Reflect  .   m - +0 helmet
rElec    +         Harm     .   (no cloak)
rCorr    .         Rampage  .   (no gloves)
Will     .....                  p - +0 pair of boots
Stlth    ..........             (no amulet)
HPRegen  0.10/turn              i - +4 ring of protection
MPRegen  0.09/turn              j - ring of protection from fire

@: no status effects
A: negative energy resistance 1, electricity resistance, unbreathing,
petrification resistance, miasma immunity, AC +4
a: no special abilities


You were on level 3 of the Dungeon.
You visited 1 branch of the dungeon, and saw 3 of its levels.

You collected 98 gold pieces.

Inventory:

Hand Weapons
 a - a +0 flail (weapon)
Armour
 b - a +0 scale mail (worn)
 c - a +0 kite shield (worn)
 m - a +0 helmet (worn)
 p - a +0 pair of boots (worn)
Jewellery
 i - a +4 ring of protection (left hand)
 j - a ring of protection from fire (right hand)
 r - a cursed ring of teleportation {unknown}
 u - an uncursed ring of see invisible {unknown}
Scrolls
 f - 5 scrolls of identify {unknown}
 q - a scroll of amnesia {unknown}
 s - 2 scrolls of remove curse {unknown}
 t - a scroll of fear {unknown}
 v - a scroll of fog {unknown}
 w - a scroll of random uselessness {unknown}
Potions
 d - a potion of might
 e - a potion of attraction {unknown}
 h - a potion of lignification {unknown}
 k - a potion of invisibility {unknown}
 l - 3 potions of brilliance {unknown}
 n - a potion of curing {unknown}
 o - a potion of mutation {unknown}


   Skills:
 - Level 3.2 Fighting
 + Level 5.2 Maces & Flails
 - Level 3.2 Armour
 - Level 3.2 Shields


You had 4 spell levels left.
You didn't know any spells.
Your spell library was empty.

Dungeon Overview and Level Annotations

Branches:
Dungeon (3/15)

Altars:


Innate Abilities, Weirdness & Mutations

You are resistant to torment.
Your stone body is resilient. (AC +4)
You are immune to poison.
You resist negative energy. (rN+)
You are resistant to electric shocks. (rElec)
You can survive without breathing.
You are immune to petrification.
You are immune to miasma.


Message History

The orc priest hits you but does no damage.
The orc hits you but does no damage.
Your scale mail prevents you from hitting the orc priest.
You block the orc priest's attack. The orc hits you but does no damage. x2
You hit the orc priest.
The orc priest is lightly wounded.
The orc priest hits you but does no damage.
You block the orc's attack. The orc hits you but does no damage.
The orc priest barely misses you.
You barely miss the orc priest.
The orc priest is lightly wounded.
The orc hits you but does no damage. You block the orc's attack.
The orc priest looks encouraged for a moment.
You sock the orc priest!
The orc priest is severely wounded.
The orc hits you with a cursed +0 flail.
The orc hits you with a +0 flail.
The orc priest invokes the aid of Beogh against you.
Beogh smites you!
You die...

*,* ##..<...# #.#*,* ***** *,*
#.......###.#*,* *,,,,
*.###..##.......##.# *,***
*,........#........#**,***
***********#..#....########,,,,,,
,,,,,,,,,,*#...†...# *,,,,,,*,
****,*,**,*#.###.#.# *,*,*,,**
**,*,**,*#.<.....# *,*,*,,,,
*,,,,**,*#####@### *,,,**,**
*,,****,*


#ooo# *,,***,* * *,,****,* #...# ***,,***,** * *,,,,,,,* #...# *,,,,,,,,** *
*,*,,,******#...#****,**,**,*** ***,,,,,,**,,,.....,,,*,**,**,***
,,,,,,,,,,,,,,.....,,,,,,,,**,*,, ***,,,,,,**,,.......,,*,*,,,*,*,*
*****,,,*******,,,*****,,***,,,,* You could see an orc priest and 2 orcs.

Vanquished Creatures
  An orc priest (D:3)
  Robin (D:2)
  2 oozes
  A worm (D:2)
  4 dart slugs
  2 leopard geckos (D:1)
  4 orcs (D:3)
  3 bats (D:1)
  4 giant cockroaches
  12 goblins
  10 hobgoblins
  A quokka (D:2)
  7 frilled lizards
  9 kobolds
  6 rats
67 creatures vanquished.

Notes
Turn   | Place    | Note
-------+----------+-------------------------------------------
     0 | D:1      | nothank2 the Gargoyle Fighter began the quest for the Orb.
     0 | D:1      | Reached XP level 1. HP: 14/14 MP: 1/1
    94 | D:1      | Reached XP level 2. HP: 16/19 MP: 2/2
   271 | D:1      | Reached skill level 3 in Maces & Flails
   416 | D:1      | Reached XP level 3. HP: 22/23 MP: 3/3
   761 | D:1      | Reached skill level 4 in Maces & Flails
   892 | D:2      | Reached XP level 4. HP: 28/28 MP: 4/4
   897 | D:2      | Noticed Robin
   903 | D:2      | Killed Robin
  1568 | D:3      | Reached skill level 5 in Maces & Flails
  1568 | D:3      | Reached XP level 5. HP: 14/32 MP: 5/5
  1609 | D:3      | Killed from afar by an orc priest

Illustrated notes

Levels and vault maps discovered:
D:1:      lightli_arrival_boilingwater, layout_basic, minmay_3d_cube
D:2:      layout_loops_ring, uniq_robin
D:3:      layout_loops_cross, gup_sewer_entry_spiral, xom_redecorated,
          uniq_terence

Skill      XL: |  1  2  3  4 |
---------------+-------------+-----
Maces & Flails | 3 4 5 |  5.2
Fighting       | |  3.2
Armour         | |  3.2
Shields        | |  3.2

Action                   |  1- 3 |  4- 6 || total
-------------------------+-------+-------++-------
Melee: Flail             |   134 |    82 ||   216
  Use: Scroll            |       |     1 ||     1
Armor: Scale mail        |    66 |    50 ||   116
Dodge: Dodged            |    46 |    27 ||    73
Block: Kite shield       |    69 |    41 ||   110
